 Dungeon Crawl Stone Soup version 0.31-a0-859-g9dce7d3444 (webtiles) character file.

Game seed: 15552305484443681216

1012 Darius099 the Cleaver (level 8, -2/66 HPs)
             Began as a Minotaur Fighter on Oct 10, 2023.
             Slain by a gnoll sergeant
             ... wielding a +0 trident of venom
              (13 damage)
             ... on level 5 of the Dungeon.
             The game lasted 00:09:47 (3538 turns).

Darius099 the Cleaver (Minotaur Fighter)            Turns: 3538, Time: 00:09:48

Health: -2/66      AC:  8    Str: 22    XL:     8   Next: 1%
Magic:  7/7        EV:  9    Int:  5    God:
Gold:   278        SH:  4    Dex: 11    Spells: 7/7 levels left

rFire   . . .        a - +0 war axe
rCold   . . .        c - +0 buckler
rNeg    . . .        b - +0 scale mail
rPois   .            (helmet restricted)
rElec   .            (no cloak)
rCorr   +            (no gloves)
SInv    .            l - +0 pair of boots
Will    .....        (no amulet) Stlth
                     w - ring of resist corrosion
HPRegen 0.31/turn    (no ring)
MPRegen 0.10/turn

%: no passive effects
@: lethally poisoned (-2 -> -6)
A: horns 2, retaliatory headbutt
a: no special abilities


You were on level 5 of the Dungeon.
You visited 1 branch of the dungeon, and saw 5 of its levels.

You collected 278 gold pieces.

Inventory:

Hand Weapons
 a - a +0 war axe (weapon)
Missiles
 x - 3 darts of dispersal
Armour
 b - a +0 scale mail (worn)
 c - a +0 buckler (worn)
 l - a +0 pair of boots (worn)
Jewellery
 w - a ring of resist corrosion (left hand)
Wands
 r - a wand of roots (7)
Scrolls
 e - a scroll of blinking {unknown}
 f - 4 scrolls of teleportation {unknown}
 h - a scroll of acquirement {unknown}
 j - a scroll of butterflies {unknown}
 k - 2 scrolls of fear {unknown}
 o - 2 scrolls of identify {unknown}
 q - a scroll of silence {unknown}
 u - a scroll of enchant weapon {unknown}
 v - a scroll of poison {unknown}
Potions
 d - 3 potions of might
 g - a potion of haste {unknown}
 i - 3 potions of enlightenment {unknown}
 m - a potion of brilliance {unknown}
 n - 3 potions of heal wounds {unknown}
 p - 2 potions of curing
 s - 2 potions of lignification {unknown}
 t - a potion of cancellation {unknown}


   Skills:
 - Level 3.7 Fighting
 + Level 11.2 Axes
 - Level 3.6 Armour
 - Level 3.6 Shields


You had 7 spell levels left.
You didn't know any spells.
Your spell library contained the following spells:

 Spells                   Type           Power      Damage    Failure   Level
 Wereblood                Tmut           0%         N/A       95%         2
 Vhi's Electric Charge    Tloc/Air       0%         N/A       100%        4
 Arcjolt                  Conj/Air       0%         1d10      100%        5
 Irradiate                Conj/Tmut      0%         3d11      100%        5
 Maxwell's Capacitive Co  Air            0%         ∞         100%        8


Dungeon Overview and Level Annotations

Branches:
Dungeon (5/15)
 Temple: D:4-7

Altars:
Cheibriados
Dithmenos
Makhleb
Nemelex Xobeh
Trog
Zin

Shops:
D:4 ((=

Portals:
Abyss: D:4


Innate Abilities, Weirdness & Mutations

You have a pair of horns on your head.
You reflexively headbutt those who attack you in melee.


Message History

The gnoll closely misses you.
You slash the gnoll!
You kill the gnoll!
You start resting.
A gnoll sergeant comes into view. It is wielding a +0 trident of venom.
You start resting.
A gnoll sergeant is nearby!
A gnoll comes into view. It is wielding a +0 flail.
The gnoll sergeant shouts!
The gnoll shouts!
The gnoll sergeant hits you from afar with a +0 trident of venom!
* * * LOW HITPOINT WARNING * * *
You are lethally poisoned!
Things that are here:
a +0 giant spiked club; an ogre corpse It was a potion of curing.
You feel better. You block the gnoll sergeant's attack.
A gnoll comes into view. It is wielding a +0 spear.
The gnoll shouts!
The gnoll hits you from afar with a +0 spear.
* * * LOW HITPOINT WARNING * * *
The gnoll sergeant hits you with a +0 trident of venom.
* * * LOW HITPOINT WARNING * * *
You are poisoned.
You see here a +0 halberd.
You feel better.
The gnoll sergeant hits you with a +0 trident of venom!
* * * LOW HITPOINT WARNING * * *
You are lethally poisoned!
The gnoll hits you but does no damage.
You feel better. The gnoll hits you but does no damage.
The gnoll sergeant hits you but does no damage.
You are poisoned.
The gnoll hits you from afar with a +0 spear.
* * * LOW HITPOINT WARNING * * *
You hit the gnoll sergeant but do no damage.
You headbutt the gnoll sergeant.
The gnoll sergeant is moderately wounded.
You hit the gnoll.
You feel sick. The gnoll closely misses you.
The gnoll sergeant hits you with a +0 trident of venom!
You die...

.....#.....#.#....
....#.....#.#....
#.........#.#....
#................
#..........######
#.........####⌠.⌠
##########........##.##...
........).##'###..8...#._.
#########@##......†...#...
.......gg###........#...
.....g...# #....8...#._.
.........# #....##.##...
.........# ###...####⌠.⌠
.........# #....######
.....##.## #..........
.###. #.# #.#.#..##..
..#.#.###..


You could see a gnoll sergeant and 2 gnolls.

Vanquished Creatures
  The ghost of gribnar the Cleaver, an amateur MiFi (D:4)
  An ogre (D:5)
  A kobold brigand (D:4)
  2 scorpions (D:4)
  2 small abominations (D:4)
  2 hounds (D:4)
  A quasit (D:4)
  2 jellies (D:5)
  A sleepcap (D:5)
  An orc priest (D:4)
  3 orc wizards
  A gnoll (D:5)
  5 adders
  A shadow imp (D:4)
  A worm (D:3)
  6 dart slugs
  12 orcs
  4 endoplasms
  2 giant cockroaches
  8 goblins
  7 hobgoblins
  5 jackals
  7 quokkas
  4 ball pythons
  2 bats (D:1)
  3 frilled lizards
  3 kobolds
  5 rats
93 creatures vanquished.

Notes
Turn   | Place    | Note
-------+----------+-------------------------------------------
     0 | D:1      | Darius099 the Minotaur Fighter began the quest for the Orb.
     0 | D:1      | Reached XP level 1. HP: 19/19 MP: 0/0
   203 | D:1      | Reached skill level 3 in Axes
   240 | D:1      | Reached XP level 2. HP: 27/27 MP: 1/1
   993 | D:2      | Reached skill level 4 in Axes
  1072 | D:2      | Reached XP level 3. HP: 33/33 MP: 2/2
  1178 | D:2      | Found a burning altar of Makhleb.
  1555 | D:3      | Reached skill level 5 in Axes
  1682 | D:3      | Reached XP level 4. HP: 40/40 MP: 3/3
  1728 | D:3      | Found a shadowy altar of Dithmenos.
  1753 | D:3      | Reached skill level 6 in Axes
  2107 | D:3      | Reached XP level 5. HP: 38/46 MP: 4/4
  2218 | D:3      | Found a glowing silver altar of Zin.
  2218 | D:3      | Noticed an angel
  2260 | D:4      | Found Fufuol's Antique Weapon Shoppe.
  2304 | D:4      | Reached skill level 7 in Axes
  2491 | D:4      | Reached XP level 6. HP: 42/52 MP: 5/5
  2551 | D:4      | Found Foxizayc's Jewellery Boutique.
  2699 | D:4      | Found Ropracot's Antique Weapon Shop.
  2719 | D:4      | Reached skill level 8 in Axes
  2782 | D:4      | Found a sparkling altar of Nemelex Xobeh.
  2848 | D:4      | Found a transporter.
  2853 | D:4      | Found a transporter.
  2858 | D:4      | Noticed gribnar's ghost (amateur MiFi)
  2883 | D:4      | Found a one-way gate to the infinite horrors of the Abyss.
  3091 | D:4      | Reached skill level 9 in Axes
  3095 | D:4      | Reached XP level 7. HP: 21/58 MP: 6/6
  3201 | D:4      | Killed gribnar's ghost
  3202 | D:4      | Reached skill level 10 in Axes
  3421 | D:5      | Entered Level 5 of the Dungeon
  3454 | D:5      | Found a bloodstained altar of Trog.
  3454 | D:5      | Found a snail-covered altar of Cheibriados.
  3520 | D:5      | Reached skill level 11 in Axes
  3520 | D:5      | Reached XP level 8. HP: 29/66 MP: 7/7
  3538 | D:5      | Slain by a gnoll sergeant

Illustrated notes

Levels and vault maps discovered:
D:1:      dpeg_arrival_houses_and_road, layout_loops_corners
D:2:      layout_basic, basic_altar, dk_vineyard_2, hangedman_decor_slide_cut,
          minmay_misc_feat_enclosed
D:3:      layout_rooms, nicolae_dithmenos_the_darkroom, zin_angel
D:4:      layout_gridville, nemelex_diamond_rough_becter, serial_shops,
          nicolae_shop_crystal, shop, shop, gammafunk_ghost_abyssal_escape
D:5:      layout_basic, jmf_multi_god_temple

Skill      XL: |  1  2  3  4  5  6  7 |
---------------+----------------------+-----
Axes           | 3 4 5 6 7 9 11 | 11.2
Fighting       | |  3.7
Armour         | |  3.6
Shields        | |  3.6

Action                     |  1- 3 |  4- 6 |  7- 9 || total
---------------------------+-------+-------+-------++-------
  Melee: War axe           |    79 |   120 |    29 ||   228
         Headbutt          |    15 |    21 |     5 ||    41
    Use: Potion            |       |       |     3 ||     3
 Armour: Scale mail        |    41 |   102 |    32 ||   175
  Dodge: Dodged            |    34 |    50 |    11 ||    95
  Block: Buckler           |    27 |    17 |     3 ||    47

Table legend: (Time is in decaauts)
 A = Elapsed time spent in this place.
 B = Non-inter-level travel time spent in this place.
 C = Inter-level travel time spent in this place.
 D = Time resting spent in this place.
 E = Time spent auto-exploring this place.
 F = Levels seen in this place.
 G = Mean time per level.
                   A        B        C        D        E       F      G
               +--------+--------+--------+--------+--------+-----+--------+
         Total |   3584 |   3450 |    134 |    564 |   1658 |   5 |  716.8 |
       Dungeon |   3584 |   3450 |    134 |    564 |   1658 |   5 |  716.8 |
               +--------+--------+--------+--------+--------+-----+--------+

Top non-repeatable levels by time:
     D:4: 1202 daAuts
     D:1: 970 daAuts
     D:3: 705 daAuts
     D:2: 588 daAuts
     D:5: 116 daAuts
